 Dungeon Crawl Stone Soup version 0.32-a0-361-g289a535e89 (webtiles) character file.

Game seed: 12648359408016452704

240 LobsterGuardian the Sneak (level 6, -6/46 HPs)
             Began as a Coglin Brigand on Feb 18, 2024.
             Mangled by a gnoll
             ... wielding a +2 vampiric whip
              (10 damage)
             ... on level 4 of the Dungeon.
             The game lasted 00:05:44 (2685 turns).

LobsterGuardian the Sneak (Coglin Brigand)          Turns: 2685, Time: 00:05:45

Health: -6/46      AC:  3    Str: 11    XL:     6   Next: 8%
Magic:  6/6        EV: 12    Int: 14    God:
Gold:   182        SH:  0    Dex: 16    Spells: 3/5 levels left

rFire   . . .        a - +2 dagger {Ælfthryth}
rCold   . . .        n - +1 dagger (drain) {Agam}
rNeg    . . .        b - +0 robe
rPois   .            (no helmet)
rElec   .            c - +0 cloak
rCorr   .            (no gloves)
SInv    .            (no boots)
Will    .....        (no amulet)
Stlth   +++          (no ring)
HPRegen 0.27/turn    (no ring)
MPRegen 0.10/turn

%: no passive effects
@: hasted, revving, very quick
A: off-hand wielding, slow wielding, warmup strikes, warmup strides, clever 1
a: no special abilities


You were on level 4 of the Dungeon.
You visited 1 branch of the dungeon, and saw 4 of its levels.

You collected 182 gold pieces.

Inventory:

Hand Weapons
 a - a +2 dagger (weapon) {Ælfthryth}
 n - a +1 dagger of draining (worn) {Agam}
Missiles
 d - 9 poisoned darts (quivered)
 e - 3 curare-tipped darts
Armour
 b - a +0 robe (worn)
 c - a +0 cloak (worn)
Scrolls
 h - 2 scrolls of teleportation
 m - 2 scrolls of enchant armour {unknown}
Potions
 j - a potion of cancellation
 k - a potion of invisibility
 l - 2 potions of heal wounds {unknown}


   Skills:
 + Level 2.4 Fighting
 * Level 3.5 Short Blades
 - Level 2.0 Throwing
 + Level 1.1 Dodging
 * Level 4.7 Stealth
 * Level 1.5 Translocations


You had 3 spell levels left.
You knew the following spells:

 Your Spells              Type           Power      Damage    Failure   Level
a - Blink                 Tloc           8%         N/A       24%         2

Your spell library contained the following spells:

 Spells                   Type           Power      Damage    Failure   Level
 Lesser Beckoning         Tloc           8%         N/A       24%         2
 Kiss of Death            Conj/Necr      0%         2d5       28%         1
 Sandblast                Erth           0%         2d4       28%         1
 Momentum Strike          Conj/Tloc      4%         3d8       32%         2
 Gell's Gravitas          Tloc           4%         N/A       43%         3
 Teleport Other           Tloc           4%         N/A       43%         3
 Confusing Touch          Hex            0%         N/A       65%         3
 Passwall                 Erth           0%         N/A       65%         3
 Stone Arrow              Conj/Erth      0%         3d7       65%         3
 Brom's Barrelling Bould  Conj/Erth      0%         2d3       96%         4
 Dispel Undead            Necr           0%         3d6       96%         4
 Dispersal                Tloc           2%         N/A       100%        6


Dungeon Overview and Level Annotations

Branches:
Dungeon (4/15)
 Temple: D:4-7

Altars:

Shops:
D:1 **   D:2 (

Annotations:
D:3 2 runed translucent doors, knightboat's ghost, amateur OpBr


Innate Abilities, Weirdness & Mutations

You can wield a second weapon in your off-hand.
It takes a long time for you to wield or remove held weapons.
Your first few attacks do less damage.
Your first movements take longer.
Your mind is acute. (Int +4, Str/Dex -1)


Message History

Found a stone staircase leading down.
There is a stone staircase leading up here.
Unknown command. 3 gnolls come into view.
A gnoll is wielding a +2 vampiric whip.
The gnoll shouts! x2; You hear a shout!
The gnoll shouts!
There are monsters nearby!
A gnoll comes into view. It is wielding a +0 whip.
The gnoll shouts!
The gnoll closely misses you.
You hit the gnoll with your +2 dagger.
The gnoll is moderately wounded.
You hit the gnoll but do no damage. You drain the gnoll.
The gnoll closely misses you. x2
Unknown command.
The gnoll hits you with a +2 vampiric whip!
The gnoll barely misses you.
You hit the gnoll with your +2 dagger.
The gnoll is moderately wounded.
You closely miss the gnoll with your +1 dagger of draining.
You barely miss the gnoll with your +2 dagger.
The gnoll is moderately wounded.
You hit the gnoll with your +1 dagger of draining.
The gnoll barely misses you. x2
You hit the gnoll but do no damage.
The gnoll is moderately wounded.
You barely miss the gnoll with your +1 dagger of draining.
The gnoll hits you from afar with a +0 halberd!
The gnoll hits you with a +2 vampiric whip!
The gnoll draws strength from your wounds!
The gnoll attacks as it pursues you! The gnoll closely misses you.
The gnoll hits you from afar with a +0 halberd.
* * * LOW HITPOINT WARNING * * *
You feel yourself speed up.
The gnoll hits you with a +2 vampiric whip.
* * * LOW HITPOINT WARNING * * *
The gnoll hits you from afar with a +0 halberd!
* * * LOW HITPOINT WARNING * * *
The gnoll attacks as it pursues you!
The gnoll hits you with a +2 vampiric whip!
You die...

...#.###. ..#.....##
...#......
...#.....#
#..######.#......#
#.>...<..# #...g.#
#.####.#.######g#
#.....#...######
#......#..@g........
####.#.#############
...#.# #####.# #.#
#.. ###


You could see 2 gnolls.

Vanquished Creatures
  2 orc priests (D:3)
  A hound (D:3)
  5 adders
  2 ribbon worms (D:2)
  A dart slug (D:1)
  4 orcs (D:3)
  4 ball pythons
  3 bats
  5 endoplasms
  2 giant cockroaches (D:1)
  4 hobgoblins
  5 kobolds
  4 quokkas
  A frilled lizard (D:3)
  8 goblins
  5 rats
56 creatures vanquished.

Notes
Turn   | Place    | Note
-------+----------+-------------------------------------------
     0 | D:1      | LobsterGuardian the Coglin Brigand began the quest for the
                  | Orb.
     0 | D:1      | Reached XP level 1. HP: 16/16 MP: 1/1
   117 | D:1      | Reached XP level 2. HP: 22/22 MP: 2/2
   146 | D:1      | Found Muqohu's Assorted Antiques.
   337 | D:1      | Found Iwauna's General Store.
   381 | D:1      | Reached XP level 3. HP: 27/27 MP: 3/3
   614 | D:1      | Reached skill level 4 in Stealth
   963 | D:2      | Learned a level 2 spell: Blink
   985 | D:2      | Found Urgho's Weapon Boutique.
  1242 | D:2      | Reached XP level 4. HP: 31/33 MP: 4/4
  1332 | D:2      | Gained mutation: You possess an exceptional clarity of
                  | mind. [potion of mutation]
  1332 | D:2      | Gained mutation: Your mind is acute. (Int +4, Str/Dex -1)
                  | [potion of mutation]
  1332 | D:2      | Lost mutation: You possess an exceptional clarity of mind.
                  | [potion of mutation]
  1371 | D:2      | Reached skill level 1 in Translocations
  1698 | D:3      | Reached skill level 1 in Dodging
  1698 | D:3      | Reached XP level 5. HP: 13/39 MP: 5/5
  2048 | D:3      | Reached XP level 6. HP: 46/46 MP: 6/6
  2211 | D:3      | Found a runed translucent door.
  2217 | D:3      | Noticed knightboat's ghost (amateur OpBr)
  2301 | D:3      | Found a runed translucent door.
  2685 | D:4      | Mangled by a gnoll

Illustrated notes

Levels and vault maps discovered:
D:1:      evilmike_arrival_home_sweet_home, layout_basic, serial_shops, shop,
          shop
D:2:      minmay_chambers_of_ones, layout_rooms, serial_shops,
          nicolae_shop_gibbet_a_chance, minmay_ruptured
D:3:      layout_basic, ebering_ghost_sewer_f, dreamdust_wishing_well
D:4:      nicolae_BIG_FREAKIN_CUBE, layout_basic, serial_bayou,
          serial_bayou_lagoon_b, serial_bayou_shore_b, serial_bayou_crossing,
          serial_bayou_pond_d

Skill      XL: |  1  2  3  4  5 |
---------------+----------------+-----
Short Blades   | 2 3 |  3.5
Stealth        | 4 |  4.7
Throwing       | 2 |  2.0
Translocations | 1 |  1.5
Dodging        | 1 |  1.1
Fighting       | |  2.4

Action                     |  1- 3 |  4- 6 || total
---------------------------+-------+-------++-------
  Melee: Dagger            |    78 |   117 ||   195
    Use: Scroll            |     2 |     4 ||     6
         Potion            |       |     4 ||     4
   Stab: Sleeping          |     9 |     6 ||    15
 Armour: Robe              |    18 |    54 ||    72
  Dodge: Dodged            |    12 |    51 ||    63

Table legend: (Time is in decaauts)
 A = Elapsed time spent in this place.
 B = Non-inter-level travel time spent in this place.
 C = Inter-level travel time spent in this place.
 D = Time resting spent in this place.
 E = Time spent auto-exploring this place.
 F = Levels seen in this place.
 G = Mean time per level.
                   A        B        C        D        E       F      G
               +--------+--------+--------+--------+--------+-----+--------+
         Total |   2791 |   2648 |    143 |      0 |   2185 |   4 |  697.8 |
       Dungeon |   2791 |   2648 |    143 |      0 |   2185 |   4 |  697.8 |
               +--------+--------+--------+--------+--------+-----+--------+

Top non-repeatable levels by time:
     D:3: 991 daAuts
     D:1: 920 daAuts
     D:2: 829 daAuts
     D:4: 50 daAuts
